 Dungeon Crawl Stone Soup version 0.31.0-4-g52a2dc7128 (webtiles) character file.

Game seed: 18184585351963772083

169789 raph the Destroyer (level 17, -6/99 HPs)
             Began as a Deep Elf Fire Elementalist on Jan 20, 2024.
             Was an Elder of Sif Muna.
             Collided with a salamander (9 damage)
             ... after being knocked back by a salamander mystic
             ... on level 4 of the Snake Pit on Jan 21, 2024.
             The game lasted 01:39:26 (41380 turns).

raph the Destroyer (Deep Elf Fire Elementalist)    Turns: 41380, Time: 01:39:26

Health: -6/99      AC: 22    Str: 10    XL:     17   Next: 36%
Magic:  25/36      EV: 17    Int: 27    God:    Sif Muna [****..]
Gold:   551        SH:  5    Dex: 17    Spells: 5/43 levels left

rFire   + . .        a - staff of fire
rCold   . . .        j - +0 buckler
rNeg    . . .        E - +0 acid dragon scales
rPois   +            I - +1 helmet
rElec   .            i - +2 cloak {Stlth+}
rCorr   +            R - +1 pair of gloves of Midsummer {Str+3 Dex+2}
SInv    .            A - +2 pair of boots
Will    +....        e - amulet of magic regeneration
Stlth   +++++        V - ring of poison resistance
HPRegen 0.36/turn    q - +4 ring of protection
MPRegen 0.65/turn

%: no passive effects
@: studying Staves
A: no striking features
a: Renounce Religion, Channel Magic, Forget Spell, Divine Exegesis


You were on level 4 of the Snake Pit.
You worshipped Sif Muna.
Sif Muna was greatly pleased with you.
You visited 5 branches of the dungeon, and saw 27 of its levels.
You also visited: Sewer and Bailey.

You collected 3808 gold pieces.
You spent 3257 gold pieces at shops.

Inventory:

Hand Weapons
 b - a +5 orcbow of draining
 N - the +8 rapier of Busirch Gusi {freeze, Fly rC+}
   (You found it on level 1 of the Lair of Beasts)

   rC+:       It protects you from cold.
   Fly:       It grants you flight.
Missiles
 o - a throwing net
Armour
 i - a +2 cloak of stealth (worn)
 j - a +0 buckler (worn)
 A - a +2 pair of boots (worn)
 E - +0 acid dragon scales (worn)
 I - a +1 helmet (worn)
 R - the +1 pair of gloves of Midsummer (worn) {Str+3 Dex+2}
   (You found it on level 1 of the Snake Pit)

   Str+3:     It affects your strength (+3).
   Dex+2:     It affects your dexterity (+2).
Magical Staves
 a - a staff of fire (weapon)
Jewellery
 e - an amulet of magic regeneration (around neck)
 m - a +6 ring of intelligence
 n - a ring of willpower
 q - a +4 ring of protection (right hand)
 L - a ring of protection from fire
 P - a ring of protection from cold
 V - a ring of poison resistance (left hand)
 W - an amulet of reflection
Wands
 f - a wand of polymorph (6)
 l - a wand of iceblast (26)
 t - a wand of digging (6)
 C - a wand of flame (64)
 K - a wand of light (5)
 Q - a wand of mindburst (9)
 Z - a wand of paralysis (9)
Scrolls
 c - 3 scrolls of poison
 x - 3 scrolls of immolation
 y - 6 scrolls of teleportation
 z - 4 scrolls of blinking
 D - a scroll of amnesia
 H - a scroll of brand weapon
 J - 11 scrolls of identify
 M - 4 scrolls of enchant weapon
 O - 6 scrolls of revelation
 T - 2 scrolls of fear
 X - 2 scrolls of fog
Potions
 d - 2 potions of might
 g - 5 potions of resistance
 h - a potion of ambrosia
 k - a potion of berserk rage
 p - 4 potions of mutation
 r - a potion of heal wounds
 s - 2 potions of invisibility
 u - 13 potions of curing
 v - a potion of lignification
 B - a potion of haste
 F - 4 potions of magic
 G - 8 potions of cancellation
 S - 3 potions of enlightenment
 Y - a potion of attraction
Miscellaneous
 U - a phantom mirror


   Skills:
 + Level 8.4 Fighting
 + Level 10.0 Staves
 + Level 5.3 Armour
 + Level 11.8 Dodging
 + Level 9.2 Stealth
 - Level 4.0 Shields
 * Level 13.8 Spellcasting
 * Level 14.6 Conjurations
 - Level 8.1 Summonings
 * Level 14.5 Fire Magic
 - Level 3.7 Earth Magic
 - Level 11.4 Invocations
 + Level 9.2 Evocations


You had 5 spell levels left.
You knew the following spells:

 Your Spells              Type           Power      Damage    Failure   Level
a - Foxfire               Conj/Fire      100%       2x1d9     0%          1
b - Passwall              Erth           38%        N/A       4%          3
c - Inner Flame           Hex/Fire       72%        N/A       1%          3
d - Iskenderun's Mystic   Conj/Tloc      55%        2d12      3%          4
f - Apportation           Tloc           36%        N/A       6%          1
g - Summon Small Mammal   Summ           100%       N/A       1%          1
h - Sting                 Conj/Alch      100%       1d9       1%          1
i - Summon Lightning Spi  Summ/Air       40%        N/A       12%         4
j - Fireball              Conj/Fire      49%        3d19      1%          5
k - Iskenderun's Battles  Conj           78%        2d13      1%          5
l - Brom's Barrelling Bo  Conj/Erth      62%        2d8       1%          4
m - Starburst             Conj/Fire      49%        6d13      2%          6

Your spell library contained the following spells:

 Spells                   Type           Power      Damage    Failure   Level
 Momentum Strike          Conj/Tloc      100%       3d10      1%          2
 Scorch                   Fire           100%       2d9       1%          2
 Searing Ray              Conj           100%       2d8       1%          2
 Static Discharge         Conj/Air       100%       3-8/arc   1%          2
 Call Canine Familiar     Summ           58%        N/A       1%          3
 Dazzling Flash           Conj/Hex       100%       N/A       1%          3
 Hailstorm                Conj/Ice       55%        3d11      1%          3
 Stone Arrow              Conj/Erth      100%       3d13      1%          3
 Volatile Blastmotes      Fire/Tloc      100%       2d18      1%          3
 Flame Wave               Conj/Fire      98%        2d20      1%          4
 Summon Blazeheart Golem  Fire/Summ      88%        N/A       1%          4
 Mephitic Cloud           Conj/Alch/Air  45%        N/A       2%          3
 Fulminant Prism          Conj/Alch      27%        3d14      3%          4
 Ignite Poison            Fire/Alch      72%        N/A       3%          4
 Sticky Flame             Fire/Alch      72%        2d12      3%          4
 Animate Armour           Summ/Erth      100%       N/A       5%          4
 Freeze                   Ice            72%        1d8       6%          1
 Necrotise                Necr           72%        1d7       6%          1
 Irradiate                Conj/Alch      27%        3d20      9%          5
 Cigotuvi's Dreadful Rot  Necr/Alch/Air  36%        N/A       10%         2
 Ensorcelled Hibernation  Hex/Ice        36%        N/A       10%         2
 Jinxbite                 Hex            36%        N/A       10%         2
 Mercury Vapours          Alch/Air       36%        N/A       10%         2
 Frozen Ramparts          Ice            36%        1d6       19%         3
 Swiftness                Air            18%        N/A       19%         3
 Tukima's Dance           Hex            18%        N/A       19%         3
 Freezing Cloud           Conj/Ice/Air   22%        6-21      24%         5
 Leda's Liquefaction      Alch/Erth      14%        N/A       30%         4
 Petrify                  Alch/Erth      28%        N/A       30%         4
 Summon Forest            Summ/Tloc      20%        N/A       32%         5
 Lee's Rapid Deconstruct  Erth           19%        3d11*     36%         5
 Cause Fear               Hex            9%         N/A       54%         4
 Dimensional Bullseye     Hex/Tloc       9%         N/A       54%         4
 Passage of Golubria      Tloc           18%        N/A       54%         4
 Borgnjor's Vile Clutch   Necr/Erth      14%        N/A       63%         5
 Alistair's Intoxication  Alch           12%        N/A       87%         5
 Metabolic Englaciation   Hex/Ice        9%         N/A       87%         5
 Yara's Violent Unravell  Hex/Alch       9%         3d6       87%         5
 Orb of Destruction       Conj           39%        9d11      13%         7
 Bombard                  Conj/Erth      31%        9d6       22%         6
 Conjure Ball Lightning   Conj/Air       27%        3x3d8     43%         6
 Summon Hydra             Summ           29%        N/A       88%         7
 Eringya's Noxious Bog    Alch           9%         4d6       100%        6
 Enfeeble                 Hex            9%         N/A       100%        7
 Lehudib's Crystal Spear  Conj/Erth      31%        10d8      100%        8
 Dragon's Call            Summ           29%        N/A       100%        9
 Fire Storm               Conj/Fire      49%        8d12      100%        9
 Shatter                  Erth           19%        3d17*     100%        9


Dungeon Overview and Level Annotations

Branches:
Dungeon (15/15)            Temple (1/1) D:6            Lair (5/5) D:9
 Shoals (0/4) Lair:3        Snake (4/4) Lair:3        Slime (0/5) Lair:4
    Orc (2/2) D:12            Elf (0/3) Orc:2        Vaults (0/5) D:13
 Depths (0/4) D:15          Sewer (visited)          Bailey (visited)

Altars:
Ashenzari
Cheibriados
Dithmenos
Elyvilon
Fedhas
Gozag
Hepliaklqana
Kikubaaqudgha
Makhleb
Nemelex Xobeh
Okawaru
Qazlal
Ru
Sif Muna
Trog
Uskayaw
Vehumet
Wu Jian
Xom
Yredelemnul
Zin
The Shining One

Shops:
D:5 [   D:7 (   D:8 *   D:10 :   Orc:2 [:!*!   Snake:3 *:

Portals:
Abyss: D:4
Pandemonium: Orc:2

Annotations:
D:4 2 transporters, drock's ghost, amateur HOMo
D:15 3 runed translucent doors, Roxanne; Skimidon's ghost, journeyman GnFi


Message History

The naga warrior is knocked back by the mystic blast.
The mystic blast hits the salamander.
The salamander is lightly wounded.
The salamander is knocked back by the mystic blast.
The salamander slams into the rock wall!
The salamander is lightly wounded.
The mystic blast hits the salamander!
The salamander is heavily wounded.
The salamander is knocked back by the mystic blast.
The salamander slams into the rock wall!
The salamander is heavily wounded.
The mystic blast hits the naga.
The naga is heavily wounded.
The naga loses its grip on you.
The naga is knocked back by the mystic blast.
The naga collides with the salamander!
The salamander is heavily wounded.
The naga is almost dead.
The mystic blast hits the salamander mystic!
The salamander mystic is severely wounded.
The salamander mystic is knocked back by the mystic blast.
The salamander mystic slams into the rock wall!
The salamander mystic is severely wounded.
The mystic blast hits the salamander.
The salamander is lightly wounded.
The salamander is knocked back by the mystic blast.
The salamander slams into the rock wall!
The salamander is lightly wounded.
The mystic blast hits the salamander!
The salamander is moderately wounded.
The salamander is knocked back by the mystic blast.
You block the anaconda's attack.
The anaconda bites you but does no damage.
The salamander mystic points at you and mumbles some strange words.
The lance of force hits you!!
* * * LOW HITPOINT WARNING * * *
You are knocked back by the lance of force.
You collide with the salamander!
The salamander is severely wounded.
You die...

**,,######+##....##
*,,*,**,,,*##....##
*,,*,,,,,,**#.....###
*,,*,,,,,,+##§......#
*,,*,,,,,*##...§.####
*,,*,,,,,,#.N...##
****,,,,,,#.N.N.#
**#######N...##
####.......N.@.N#
####.........SN.#
####..####.N.S.##
####..#####.....#####
####.######.........#
####.#####.........##
########...........#
####...............##
####................##


You could see a naga warrior (catching breath), a salamander mystic (strong), 5
salamanders, an anaconda (fast), a guardian serpent and a naga (strong).

Vanquished Creatures
  Rupert (Lair:3)
  Asterion (Snake:2)
  2 sphinxes
  A nagaraja (Snake:1)
  3 fire giants (D:12)
  A frost giant (D:12)
  A stone giant (D:12)
  Nessos (D:15)
  Josephine (D:13)
  2 rakshasas
  Fannar (Lair:2)
  Erica (Orc:1)
  A catoblepas (Lair:2)
  8 hydras
  5 centaur warriors
  4 death yaks
  2 demonspawn (Orc:2)
  6 anacondas
  11 two-headed ogres
  A hell hog (Lair:5)
  5 boulder beetles
  A deep troll earth mage (D:12)
  7 naga warriors
  2 demonic crawlers (D:15)
  7 orc high priests
  4 naga sharpshooters
  An occultist (D:11)
  2 shock serpents
  A shock serpent (shapeshifter) (D:15)
  2 sun demons (Orc:2)
  Amaemon (Lair:2)
  A fire crab (shapeshifter) (D:12)
  A salamander mystic (Snake:3)
  2 fire crabs (Lair:4)
  A skyshark (shapeshifter) (D:12)
  Lodul (D:13)
  4 skysharks
  A sixfirhy (Orc:2)
  6 skeletal warriors
  6 mana vipers
  Pikel (D:5)
  A glowing orange brain (D:15)
  2 flayed ghosts
  A swamp dragon (Lair:2)
  3 naga ritualists
  9 orc knights
  7 orc sorcerers
  A deep elf zephyrmancer (D:12)
  7 deep elf pyromancers
  A phantasmal warrior (D:12)
  A necromancer (D:13)
  10 ugly things
  9 manticores
  7 cyclopes
  A meliai (D:12)
  A moth of wrath (D:14)
  5 salamanders
  6 elephants (Lair:1)
  3 kobold blastminers (Orc:2)
  6 naga magi
  2 guardian serpents
  2 orange demons
  A torpor snail (Lair:5)
  A gargoyle (D:11)
  26 black mambas
  12 cane toads
  Maggie (D:8)
  3 unseen horrors (D:11)
  An unseen horror (shapeshifter) (D:11)
  9 komodo dragons
  A yaktaur (D:15)
  5 rime drakes
  2 tengu conjurers (D:13)
  6 trolls
  10 polar bears
  14 blink frogs
  2 raiju (Lair:5)
  8 dream sheep
  19 slime creatures
  8 wraiths
  11 wyverns
  7 wargs
  A steam dragon (D:8)
  45 yaks
  5 basilisks
  A golden eye (shapeshifter) (D:14)
  8 vampire mosquitoes
  5 swamp worms (D:15)
  5 acid dragons
  15 hell hounds (Lair:5)
  20 nagas
  20 water moccasins
  Duvessa (D:5)
  40 orc warriors
  3 swamp drakes (Lair:2)
  3 ice beasts
  4 sky beasts
  3 laughing skulls
  14 black bears
  A boggart (D:12)
  15 ogres
  34 wolves
  14 centaurs
  A lemure (D:5)
  A kobold brigand (D:4)
  12 bullfrogs
  5 scorpions
  A gnoll sergeant (D:6)
  13 wights
  Dowan (D:5)
  15 killer bees
  An electric eel (D:6)
  5 howler monkeys
  A vampire bat (D:7)
  2 bombardier beetles
  A jelly (D:6)
  2 gnoll boudas (D:7)
  6 hounds
  25 orc priests
  16 orc wizards
  2 sleepcaps
  5 iguanas
  33 gnolls
  16 adders
  2 shadow imps
  A ribbon worm (shapeshifter) (D:14)
  7 ribbon worms
  8 dart slugs
  104 orcs
  11 bats
  13 endoplasms
  6 giant cockroaches
  4 hobgoblins
  16 jackals
  5 quokkas
  21 ball pythons
  9 frilled lizards
  8 goblins
  5 kobolds
  4 rats
  A boulder (D:15)
  A butterfly (D:6)
990 creatures vanquished.

Vanquished Creatures (collateral kills)
  A salamander tyrant (Snake:3)
  2 naga sharpshooters (Snake:1)
  An orc high priest (Orc:2)
  2 naga ritualists
  An ugly thing (D:15)
  5 salamanders
  A naga (Snake:3)
  A nameless horror (D:15)
  An orc warrior (Orc:2)
  18 boulders
  9 foxfires
42 creatures vanquished.

Vanquished Creatures (others)
  A black mamba (Snake:3)
  A lemure (D:5)
  An orc (D:11)
  10 boulders
  1489 foxfires
1502 creatures vanquished.

Grand Total: 2534 creatures vanquished

Notes
Turn   | Place    | Note
-------+----------+-------------------------------------------
     0 | D:1      | raph the Deep Elf Fire Elementalist began the quest for the
                  | Orb.
     0 | D:1      | Reached XP level 1. HP: 10/10 MP: 6/6
   199 | D:1      | Reached XP level 2. HP: 14/15 MP: 6/8
   252 | D:1      | Learned a level 2 spell: Scorch
   568 | D:1      | Found a faded altar of an unknown god.
  1112 | D:2      | Reached XP level 3. HP: 20/20 MP: 4/9
  1116 | D:2      | Learned a level 3 spell: Inner Flame
  1637 | D:2      | Reached skill level 1 in Fighting
  2028 | D:2      | Reached XP level 4. HP: 25/25 MP: 7/11
  2481 | D:3      | Learned a level 3 spell: Volatile Blastmotes
  2559 | D:3      | Noticed a scorpion
  2564 | D:3      | Killed a scorpion
  2565 | D:3      | Reached XP level 5. HP: 23/29 MP: 5/12
  3782 | D:4      | Reached XP level 6. HP: 34/34 MP: 3/14
  3866 | D:4      | Learned a level 4 spell: Flame Wave
  4189 | D:4      | Found a one-way gate to the infinite horrors of the Abyss.
  4189 | D:4      | Noticed drock's ghost (amateur HOMo)
  4198 | D:4      | Reached skill level 5 in Fire Magic
  4213 | D:4      | Found a transporter.
  4291 | D:4      | Reached XP level 7. HP: 40/40 MP: 9/15
  4680 | D:4      | Found a transporter.
  5002 | D:4      | Found an ancient bone altar of Kikubaaqudgha.
  5005 | D:4      | Found a glowing silver altar of Zin.
  5007 | D:4      | Found a sparkling altar of Nemelex Xobeh.
  5453 | D:4      | Reached skill level 5 in Spellcasting
  5569 | D:4      | Reached skill level 5 in Conjurations
  5750 | D:5      | Entered Level 5 of the Dungeon
  5787 | D:5      | Found Icekenui's Armour Boutique.
  5788 | D:5      | Noticed Dowan
  5790 | D:5      | Noticed Duvessa
  5792 | D:5      | Killed Dowan
  5797 | D:5      | Killed Duvessa
  5922 | D:5      | Reached XP level 8. HP: 29/45 MP: 8/18
  5990 | D:5      | Bought a +0 pair of gloves for 54 gold pieces
  5996 | D:5      | Reached skill level 5 in Dodging
  6033 | D:5      | Found a glowing drain.
  6061 | Sewer    | Entered a sewer
  7347 | D:5      | Learned a level 1 spell: Apportation
  7674 | D:5      | Noticed Pikel
  7691 | D:5      | Killed Pikel
  7692 | D:5      | Reached XP level 9. HP: 21/51 MP: 5/20
  8327 | D:5      | Identified a scroll of acquirement
  8327 | D:5      | Acquired 974 gold pieces
  8825 | D:6      | Reached skill level 1 in Evocations
  8982 | D:6      | Reached skill level 1 in Staves
  9196 | D:6      | Found a staircase to the Ecumenical Temple.
  9205 | Temple   | Entered the Ecumenical Temple
  9219 | Temple   | Became a worshipper of Sif Muna the Loreminder
  9232 | D:6      | Learned a level 1 spell: Summon Small Mammal
  9950 | D:7      | Reached skill level 1 in Summonings
 10086 | D:7      | Learned a level 1 spell: Sting
 10179 | D:7      | Reached * piety under Sif Muna
 10180 | D:7      | Reached skill level 1 in Invocations
 10266 | D:7      | Reached XP level 10. HP: 57/57 MP: 18/23
 10396 | D:7      | Identified the +8 short sword "raph's Curse" {pain, +Blink
                  | rPois Dex+3}
 10703 | D:7      | Found Voibla's Antique Weapon Shoppe.
 10940 | D:8      | Found Doxzuxy's Assorted Antiques.
 10945 | D:8      | Bought a scroll of identify for 62 gold pieces
 11058 | D:8      | Noticed Maggie
 11068 | D:8      | Killed Maggie
 11112 | D:8      | Reached ** piety under Sif Muna
 11764 | D:9      | Noticed a two-headed ogre
 11769 | D:9      | Killed a two-headed ogre
 11878 | D:9      | Learned a level 4 spell: Summon Blazeheart Golem
 12015 | D:9      | Reached XP level 11. HP: 57/62 MP: 10/25
 12017 | D:9      | Reached skill level 5 in Fighting
 12069 | D:9      | Reached *** piety under Sif Muna
 12153 | D:9      | Found a flagged portal.
 12162 | Bailey   | Entered a bailey
 12556 | Bailey   | Noticed an orc knight
 12563 | Bailey   | Killed an orc knight
 12785 | Bailey   | Identified the +4 arbalest "Peepsela" {drain, rElec Int+3
                  | SInv}
 12789 | Bailey   | Identified the +7 triple crossbow of Gesuv {penet, rF+}
 12789 | Bailey   | Noticed an orc knight
 12803 | Bailey   | Killed an orc knight
 13692 | D:9      | Found a transporter.
 13727 | D:9      | Found a staircase to the Lair.
 13814 | D:9      | Found a transporter.
 13818 | D:9      | Found a transporter.
 13818 | D:9      | Found a transporter.
 14271 | Lair:1   | Entered Level 1 of the Lair of Beasts
 14383 | Lair:1   | Reached skill level 10 in Fire Magic
 14387 | Lair:1   | Reached skill level 10 in Conjurations
 14391 | Lair:1   | Reached skill level 5 in Evocations
 14709 | Lair:1   | Reached skill level 5 in Invocations
 14751 | Lair:1   | Learned a level 5 spell: Fireball
 14758 | Lair:1   | Reached XP level 12. HP: 68/68 MP: 24/27
 15005 | Lair:1   | Identified the +8 rapier of Busirch Gusi {freeze, Fly rC+}
 15044 | Lair:1   | Reached **** piety under Sif Muna
 15506 | Lair:2   | Noticed a catoblepas
 15523 | Lair:2   | Killed a catoblepas
 15535 | Lair:2   | Noticed Amaemon
 15625 | Lair:2   | Noticed a boulder beetle
 15628 | Lair:2   | Killed Amaemon
 15634 | Lair:2   | Noticed Fannar
 15641 | Lair:2   | Noticed an eight-headed hydra
 15650 | Lair:2   | Killed a boulder beetle
 15651 | Lair:2   | Reached skill level 5 in Staves
 15651 | Lair:2   | Reached skill level 5 in Summonings
 15909 | Lair:1   | Killed an eight-headed hydra
 16123 | Lair:2   | Killed Fannar
 16124 | Lair:2   | Reached skill level 1 in Armour
 17226 | Lair:3   | Found an ancient bone altar of Kikubaaqudgha.
 17420 | Lair:3   | Learned a level 5 spell: Iskenderun's Battlesphere
 17485 | Lair:3   | Found a staircase to the Shoals.
 17545 | Lair:3   | Noticed a four-headed hydra
 17548 | Lair:3   | Killed a four-headed hydra
 17549 | Lair:3   | Reached XP level 13. HP: 74/74 MP: 13/28
 17668 | Lair:3   | Found a staircase to the Snake Pit.
 17715 | Lair:3   | Noticed Rupert
 17721 | Lair:3   | Paralysed by Rupert for 3 turns
 17727 | Lair:3   | Killed Rupert
 17728 | Lair:3   | Reached skill level 10 in Spellcasting
 18352 | Lair:4   | Found a staircase to the Slime Pits.
 18890 | Lair:4   | Identified the +6 scale mail of Imiwk {rF+ rN+ MP+9 Int-5}
 19619 | Lair:4   | Reached skill level 5 in Stealth
 20216 | Lair:5   | Entered Level 5 of the Lair of Beasts
 20568 | Lair:5   | Reached ***** piety under Sif Muna
 20899 | Lair:5   | Reached XP level 14. HP: 80/80 MP: 6/30
 20905 | Lair:5   | Received a gift from Sif Muna
 20920 | Lair:5   | Got Sif Muna's Folio of the Damaging Torch {god gift}
 21348 | Lair:5   | Learned a level 4 spell: Brom's Barrelling Boulder
 23139 | Lair:5   | Acquired a book of Weapons
 23148 | Lair:5   | Learned a level 4 spell: Iskenderun's Mystic Blast
 23249 | D:10     | Entered Level 10 of the Dungeon
 23309 | D:10     | Found a sacrificial altar of Ru.
 23658 | D:10     | Found Noum Hami's Self-Improvement Boutique.
 23665 | D:10     | Bought a manual of Staves for 960 gold pieces
 24363 | D:11     | Received a gift from Sif Muna
 25043 | D:11     | Identified the ring of Daeriol {Ice Will+ Int-4 Stlth+}
 25090 | D:11     | Reached skill level 10 in Dodging
 26078 | D:12     | Noticed a fire giant
 26094 | D:12     | Killed a fire giant
 26139 | D:12     | Noticed a frost giant
 26146 | D:12     | Killed a frost giant
 26394 | D:11     | Reached XP level 15. HP: 76/86 MP: 26/32
 26622 | D:12     | Noticed a fire giant
 26916 | D:11     | Learned a level 4 spell: Summon Lightning Spire
 26925 | D:11     | HP: 1/86 [burnt (4)]
 27399 | D:12     | Noticed a sphinx
 27409 | D:12     | Noticed a sphinx
 27418 | D:11     | Paralysed by a sphinx for 4 turns
 27428 | D:11     | Killed a sphinx
 27624 | D:12     | Killed a sphinx
 28241 | D:12     | Noticed a fire giant
 28488 | D:12     | Found a staircase to the Orcish Mines.
 28541 | D:12     | Reached skill level 10 in Invocations
 28544 | D:12     | Received a gift from Sif Muna
 28548 | D:12     | Got Sif Muna's Atlas of the Alembic and Conjuration {god
                  | gift}
 28642 | D:12     | Killed a fire giant
 28901 | D:12     | Killed a fire giant
 29380 | Orc:1    | Entered Level 1 of the Orcish Mines
 29575 | Orc:2    | Entered Level 2 of the Orcish Mines
 29575 | Orc:2    | Found a staircase to the Elven Halls.
 29753 | Orc:2    | Found Laelainn's Distillery.
 29762 | Orc:2    | Paralysed by an orc sorcerer for 5 turns
 29776 | Orc:2    | Bought a potion of heal wounds for 55 gold pieces
 29776 | Orc:2    | Bought a potion of brilliance for 44 gold pieces
 29776 | Orc:2    | Bought a potion of ambrosia for 88 gold pieces
 30292 | Orc:1    | Noticed Erica
 30294 | Orc:1    | Killed Erica
 31122 | Orc:2    | Found Yfya's General Store.
 31123 | Orc:2    | Found Meppi's Distillery.
 31147 | Orc:2    | Bought a scroll of amnesia for 64 gold pieces
 31147 | Orc:2    | Bought a scroll of revelation for 120 gold pieces
 31149 | Orc:2    | Bought a potion of curing for 39 gold pieces
 31149 | Orc:2    | Bought a potion of magic for 104 gold pieces
 31149 | Orc:2    | Bought 2 potions of cancellation for 208 gold pieces
 31366 | Orc:2    | Reached skill level 1 in Earth Magic
 31443 | Orc:2    | Reached XP level 16. HP: 92/92 MP: 18/34
 31470 | Orc:2    | Found Agaabletaq's Book Emporium.
 31470 | Orc:2    | Found a one-way gate leading to the halls of Pandemonium.
 31470 | Orc:2    | Found Idisipp's Antique Armour Shoppe.
 31493 | Orc:2    | Bought a buckler for 157 gold pieces
 32151 | D:13     | Received a gift from Sif Muna
 32154 | D:13     | Noticed Lodul
 32163 | D:13     | Killed Lodul
 32170 | D:13     | Got Sif Muna's Handbook of Conflict {god gift}
 32258 | D:13     | Reached skill level 1 in Shields
 32526 | D:13     | Noticed Josephine
 32535 | D:13     | Killed Josephine
 32898 | D:13     | Found a gate to the Vaults.
 33607 | D:14     | Found a sparkling altar of Nemelex Xobeh.
 33837 | D:15     | Entered Level 15 of the Dungeon
 33837 | D:15     | Noticed Nessos
 33840 | D:15     | Killed Nessos
 33906 | D:15     | Found a runed translucent gate.
 33907 | D:15     | Found a runed translucent gate.
 33908 | D:15     | Found a runed translucent gate.
 33908 | D:15     | Noticed Skimidon's ghost (journeyman GnFi)
 33989 | D:15     | Noticed Roxanne
 35004 | D:14     | Upgraded the game from 0.31.0-2-g5a2aebc5c2 to
                  | 0.31.0-4-g52a2dc7128
 35297 | D:15     | Found a staircase to the Depths.
 35470 | D:15     | Identified the +1 robe "Ewiciups" {Archmagi}
 35470 | D:15     | Identified the +7 broad axe "Umurueta" {flame, rC+}
 35479 | D:15     | Found an iron altar of Okawaru.
 35491 | D:15     | Learned a level 6 spell: Starburst
 35950 | Snake:1  | Entered Level 1 of the Snake Pit
 36311 | Snake:1  | Reached skill level 5 in Armour
 36849 | Snake:1  | Identified the +1 pair of gloves of Midsummer {Str+3 Dex+2}
 38081 | Snake:2  | Found a snail-covered altar of Cheibriados.
 38087 | Snake:2  | Received a gift from Sif Muna
 38416 | Snake:2  | Got Sif Muna's Parchment of the Barrage {god gift}
 38438 | Snake:2  | Reached XP level 17. HP: 84/97 MP: 33/36
 38523 | Snake:2  | Noticed Asterion
 38528 | Snake:2  | Killed Asterion
 38930 | Snake:2  | Learned a level 3 spell: Passwall
 39497 | Snake:3  | Found Pus Xik's Assorted Antiques.
 40030 | Snake:3  | Bought an embroidered cloak for 270 gold pieces
 40658 | Snake:3  | Found Yceol's Tremendous Tomes.
 40662 | Snake:3  | Reached skill level 10 in Staves
 40670 | Snake:3  | Bought the Compilation of Coarse Hermetica for 1032 gold
                  | pieces
 41299 | Snake:4  | Entered Level 4 of the Snake Pit
 41380 | Snake:4  | HP: 3/99 [salamander mystic/lance of force (23)]
 41380 | Snake:4  | Collided with a salamander

Illustrated notes

Levels and vault maps discovered:
D:1:      psy_arrival_terrarium, layout_basic,
          hellmonk_ecumenical_altar_arch_garden
D:2:      layout_rooms, nrook_campfire
D:3:      layout_loops_ring
D:4:      lemuel_castle_with_subvaults [lemuel_castle_interior_original],
          layout_gridville, grunt_temple_overflow_diamond,
          gammafunk_ghost_abyssal_escape
D:5:      layout_loops_ring, serial_shops, nicolae_shop_tiny_statue_garden,
          mainiacjoe_sewer_entry_somewhere_in_here_2, lemuel_flame_loot_1,
          uniq_pikel, uniq_duvessa
D:6:      layout_basic, minmay_temple_entry_butterflies, serial_bayou_ford_a
D:7:      layout_basic, serial_shops, nicolae_lakefront_shop, roderic_batcave,
          minmay_increasing_density
D:8:      layout_cave_pools, serial_shops, shop, uniq_maggie
D:9:      layout_basic, minmay_lair_entry_grove, enter_bailey_8,
          nicolae_diode_intersection
D:10:     layout_rooms, nicolae_ru_sacrificial_ziggurat, nicolae_shop_self_help
D:11:     kennysheep_windowed_halls, layout_loops_ring
D:12:     nicolae_fronds_of_death, layout_rooms, hiddenorc2_lemuel
D:13:     layout_long_grid, david_vaults_1, eino_tiny_chamber, uniq_josephine,
          uniq_lodul
D:14:     layout_rooms, bh_walls_and_bars, nemelex_lonely_heart_becter
D:15:     gammafunk_enter_depths_forms, layout_irregular_city, chequers_garden,
          gammafunk_ghost_fury_of_okawaru, worms_lemuel, uniq_nessos,
          uniq_roxanne
Temple:   compressed_dpeg_circular_temple
Lair:1:   layout_gridlike, minivault_25, lemuel_fruit_tree
Lair:2:   layout_regular_city, pond, uniq_fannar, uniq_amaemon
Lair:3:   beast_lair_carwin_large_4, layout_regular_city,
          minmay_shoals_entry_beasts, minmay_snake_entry_six_corridors,
          lemuel_centaur_altar, uniq_rupert
Lair:4:   layout_loops_ring, slime_entry_1, hangedman_lair_unloving_vines,
          minmay_shattered_shrine
Lair:5:   hangedman_lair_caniforms_friends, layout_regular_city,
          nicolae_quartered_pool_little, infiniplex_staircase_pool_2
Snake:1:  layout_chambers
Snake:2:  layout_misc_corridors, basic_altar, uniq_asterion
Snake:3:  layout_rooms, serial_shops, shop, corexii_hall_statues_u,
          nicolae_shop_i_like_big_books, nicolae_snake_salamander_stairs
Snake:4:  snake_pit, layout_cave_town, grunt_ministairs_15
Orc:1:    layout_diamond_mine, uniq_erica
Orc:2:    pf_orc_diabolical, layout_diamond_mine, serial_shops, shop

Skill      XL: |  1  2  3  4  5  6  7  8  9 10 11 12 13 14 15 16 17 |
---------------+----------------------------------------------------+-----
Conjurations   | 2 3 4 5 6 8 9 10 11 12 13 14 | 14.6
Dodging        | 3 4 5 6 7 8 9 10 11 | 11.8
Fighting       | 1 2 3 4 5 6 7 8 |  8.4
Fire Magic     | 4 5 6 7 8 9 10 11 12 13 14 | 14.5
Spellcasting   | 4 5 6 7 8 9 10 11 12 13 | 13.8
Evocations     | 2 4 5 6 7 8 9 |  9.2
Staves         | 2 3 4 5 6 7 8 9 10 | 10.0
Summonings     | 1 3 4 5 6 7 8 |  8.1
Invocations    | 1 3 5 6 8 9 10 11 | 11.4
Stealth        | 4 5 6 8 9 |  9.2
Armour         | 1 2 3 4 5 |  5.3
Earth Magic    | 1 3 |  3.7
Shields        | 3 4 |  4.0

Action                     |  1- 3 |  4- 6 |  7- 9 | 10-12 | 13-15 | 16-18 || total
---------------------------+-------+-------+-------+-------+-------+-------++-------
  Melee: Staff             |       |     1 |     2 |     3 |    21 |   114 ||   141
         Punch             |       |       |       |       |     2 |       ||     2
   Cast: Foxfire           |    74 |   107 |   257 |   170 |   188 |    67 ||   863
         Scorch            |    15 |     9 |    33 |    95 |    51 |    13 ||   216
         Inner Flame       |       |     5 |    22 |    13 |    27 |    12 ||    79
         Flame Wave        |       |       |    15 |    55 |    88 |     2 ||   160
         Volatile Blastmot |       |       |     3 |       |       |       ||     3
         Apportation       |       |       |    10 |       |       |       ||    10
         Sting             |       |       |     4 |     6 |    80 |     3 ||    93
         Summon Small Mamm |       |       |     1 |     3 |     1 |       ||     5
         Summon Blazeheart |       |       |       |     2 |       |       ||     2
         Fireball          |       |       |       |    28 |   206 |   162 ||   396
         Iskenderun's Batt |       |       |       |     3 |    57 |    49 ||   109
         Brom's Barrelling |       |       |       |       |    24 |    15 ||    39
         Iskenderun's Myst |       |       |       |       |    29 |    58 ||    87
         Summon Lightning  |       |       |       |       |     3 |    14 ||    17
         Starburst         |       |       |       |       |       |    19 ||    19
         Dragon's Call     |       |       |       |       |       |     1 ||     1
 Invoke: Channel Magic     |       |       |       |     3 |    14 |     9 ||    26
         Divine Exegesis   |       |       |       |       |       |     1 ||     1
  Evoke: Wand              |       |       |       |     3 |       |       ||     3
    Use: Scroll            |       |     9 |     8 |     9 |     9 |     4 ||    39
         Potion            |       |       |     1 |     1 |     7 |     3 ||    12
   Stab: Sleeping          |       |       |       |       |     1 |     3 ||     4
         Distracted        |       |       |       |       |       |     4 ||     4
 Armour: Robe              |    10 |     4 |     3 |       |       |       ||    17
         Leather armour    |       |       |    22 |   136 |   127 |       ||   285
         Acid dragon scale |       |       |       |       |   187 |   241 ||   428
  Dodge: Dodged            |     8 |    10 |    27 |   153 |   274 |   191 ||   663
  Block: Buckler           |       |       |       |       |       |    74 ||    74
